 Dungeon Crawl Stone Soup version 0.31.0-32-g396128a36d (webtiles) character file.

Game seed: 18175782049172346398

145 Caestello the Ruffian (level 5, -2/40 HPs)
             Began as a Draconian Shapeshifter on Mar 24, 2024.
             Was a Follower of Wu Jian.
             Killed by divine providence
             ... invoked by an orc priest
              (12 damage)
             ... on level 4 of the Dungeon.
             The game lasted 00:08:29 (2450 turns).

Caestello the Ruffian (Draconian Shapeshifter)      Turns: 2450, Time: 00:08:29

Health: -2/40      AC:  5    Str: 18    XL:     5   Next: 6%
Magic:  5/5        EV: 12    Int: 10    God:    Wu Jian [*.....]
Gold:   90         SH:  0    Dex: 11    Spells: 4/4 levels left

rFire   . .          .
                       - Unarmed
rCold   . . .        (no shield)
rNeg    . . .        (body armour unavailable)
rPois   .            (helmet currently unavailable)
rElec   .            (cloak currently unavailable)
rCorr   .            (gloves currently unavailable)
SInv    .            (boots currently unavailable)
Will    .....        (no amulet)
Stlth   +            (no ring)
HPRegen 0.26/turn    (no ring)
MPRegen 0.09/turn

%: no passive effects
@: beast-form
A: beast (slay +2), AC +5, unfitting armour, cold-blooded
a: Begin Untransformation, Renounce Religion


You were on level 4 of the Dungeon.
You worshipped Wu Jian.
Wu Jian was aware of your devotion.
You were a hulking beast.
You visited 1 branch of the dungeon, and saw 4 of its levels.

You collected 90 gold pieces.

Inventory:

Talismans
 b - a beast talisman
 c - a flux talisman
Wands
 i - a wand of flame (13)
Scrolls
 f - a scroll of enchant armour {unknown}
 j - a scroll of noise
 k - 2 scrolls of vulnerability {unknown}
 n - a scroll of fog {unknown}
 o - 2 scrolls of teleportation {unknown}
Potions
 a - a potion of lignification
 d - 2 potions of heal wounds {unknown}
 e - a potion of haste
 g - a potion of curing
 h - a potion of brilliance {unknown}
 l - a potion of invisibility {unknown}
 m - a potion of might {unknown}


   Skills:
 + Level 1.5 Fighting
 + Level 2.4 Dodging
 + Level 0.2 Stealth
 + Level 4.8 Unarmed Combat
 + Level 3.5 Shapeshifting


You had 4 spell levels left.
You didn't know any spells.
Your spell library was empty.

Dungeon Overview and Level Annotations

Branches:
Dungeon (4/15)
 Temple: D:4-7

Altars:
Ashenzari
Hepliaklqana
Nemelex Xobeh
Wu Jian

Shops:
D:2 :


Innate Abilities, Weirdness & Mutations

You are a hulking beast.
Your limbs bulge with bestial killing power. (Slay +2)
Your plain brown scales are hard. (AC +5)
You cannot fit into any form of body armour.
You are cold-blooded and may be slowed by cold attacks.


Message History

The orc priest is lightly wounded.
The endoplasm quivers.
The orc priest closely misses you.
You hit the orc priest.
The orc priest is heavily wounded.
The orc priest hits you with a +0 falchion of protection.
The orc wizard barely misses you.
You spin and attack the orc.
You hit the orc.
The orc is heavily wounded.
The orc closely misses you.
You completely miss the orc. The orc hits you with a +0 flail.
The orc misses you.
The orc priest calls upon Beogh to heal the orc.
The orc's wounds heal themselves!
The orc wizard hits you but does no damage.
You hit the orc. You punch the orc.
You kill the orc!
The Council accepts your kill. The orc hits you with a +0 flail.
The orc wizard hits you but does no damage.
You closely miss the orc priest.
Your tail-slap misses the orc priest.
The orc priest is heavily wounded.
The orc priest closely misses you.
The orc wizard hits you but does no damage.
The orc barely misses you.
You hit the orc priest.
The orc priest is almost dead.
The orc closely misses you. The orc priest barely misses you.
The orc wizard closely misses you. The orc attacks as it pursues you!
The orc hits you with a +0 flail.
The orc priest calls down the wrath of Beogh upon you.
Beogh smites you!
* * * LOW HITPOINT WARNING * * *
The orc wizard casts a spell.
The orc wizard flickers and vanishes!
Deactivating autopickup; reactivate with Ctrl-A.
You feel better. The orc barely misses you.
The orc priest calls down the wrath of Beogh upon you.
Beogh smites you!
You die...

#...... ... #...... ..
#..†... ######### ..#
####......
....#...##..###....#'###
.......!......#....#....
..............#....#....
..............+....#....
#h##.##.#....###..
####+##o##.##.##.....#..
......Jo{..#...#.....#..
...........'...#.....#..
...........#...#.....#..
#....##....#...'.....#..
##### #....#...#.....###
#..####.##........ #..#
#########...


You could see an orc priest, an orc and an endoplasm.

Vanquished Creatures
  Ijyb (D:3)
  5 adders
  2 orcs
  6 bats
  8 endoplasms
  7 giant cockroaches
  6 goblins
  8 hobgoblins
  4 jackals (D:1)
  3 quokkas
  3 ball pythons
  4 frilled lizards
  5 kobolds (D:1)
  3 rats
65 creatures vanquished.

Notes
Turn   | Place    | Note
-------+----------+-------------------------------------------
     0 | D:1      | Caestello the Draconian Shapeshifter began the quest for
                  | the Orb.
     0 | D:1      | Reached XP level 1. HP: 16/16 MP: 1/1
   126 | D:1      | Reached XP level 2. HP: 23/23 MP: 2/2
   194 | D:1      | You fall into a shaft and drop 1 floor!
   489 | D:1      | Reached XP level 3. HP: 28/28 MP: 3/3
   668 | D:1      | Reached skill level 4 in Unarmed Combat
  1075 | D:2      | Found a faded altar of an unknown god.
  1085 | D:2      | Prayed at the altar of an unknown god.
  1085 | D:2      | Became a worshipper of the Wu Jian Council
  1085 | D:2      | Reached * piety under Wu Jian
  1231 | D:2      | Found Suohir's Vocational Training.
  1428 | D:3      | Reached XP level 4. HP: 35/35 MP: 4/4
  1431 | D:3      | Found a broken altar of Ashenzari.
  1722 | D:3      | Found a sparkling altar of Nemelex Xobeh.
  1745 | D:3      | Noticed Ijyb
  1781 | D:3      | Killed Ijyb
  2056 | D:3      | Found a hazy altar of Hepliaklqana.
  2319 | D:4      | Reached XP level 5. HP: 36/40 MP: 5/5
  2450 | D:4      | Killed from afar by an orc priest

Illustrated notes

Levels and vault maps discovered:
D:1:      spicycebolla_green_bress_n_ham, layout_basic, st_stairs_4,
          ebering_dispersal_statue_hall, minmay_misc_feat_square
D:2:      layout_loops_ring, basic_ecumenical_altar, eino_curves_02,
          nicolae_shop_vocational
D:3:      layout_basic, mainiacjoe_overflow_chevrons,
          nemelex_xobeh_ov_fountains_minmay, nicolae_hepliaklqana_hazy_memory,
          nicolae_half_adder, uniq_ijyb
D:4:      layout_gridville, minmay_temple_entry_fiery, ebering_ghost_sewer_f,
          uniq_blork_the_orc

Skill      XL: |  1  2  3 |
---------------+----------+-----
Dodging        | 2 |  2.4
Unarmed Combat | 4 |  4.8
Fighting       | |  1.5
Stealth        | |  0.2
Shapeshifting  | |  3.5

Action                     |  1- 3 |  4- 6 || total
---------------------------+-------+-------++-------
  Melee: Unarmed           |   110 |    77 ||   187
         Tailslap          |    12 |     5 ||    17
         Punch             |     1 |     1 ||     2
Ability: Lunge             |     1 |     6 ||     7
         Whirlwind         |       |     9 ||     9
    Use: Scroll            |       |     4 ||     4
         Potion            |       |     1 ||     1
 Armour: Skin              |    52 |    44 ||    96
  Dodge: Dodged            |    73 |    31 ||   104
